 Dungeon Crawl Stone Soup version 0.31-a0-986-g5e6e4ef867 (webtiles) character file.

Game seed: 14554258301970037299

1141 wildpjah the Thaumaturge (level 8, -1/42 HPs)
             Began as a Deep Elf Air Elementalist on Nov 24, 2023.
             Was a Priest of Vehumet.
             Slain by Fodor's ghost (15 damage)
             ... on level 5 of the Dungeon.
             The game lasted 00:14:02 (5020 turns).

wildpjah the Thaumaturge (DEAE)                     Turns: 5020, Time: 00:14:02

Health: -1/42      AC:  3    Str:  5    XL:     8   Next: 14%
Magic:  8/22       EV: 13    Int: 23    God:    Vehumet [***...]
Gold:   313        SH:  0    Dex: 15    Spells: 10/24 levels left

rFire   . . .        u - +0 dagger (speed)
rCold   . . .        (no shield)
rNeg    . . .        a - +0 robe
rPois   .            (no helmet)
rElec   .            f - +0 cloak
rCorr   .            (no gloves)
SInv    +            (no boots)
Will    .....        (no amulet)
Stlth   ++           s - ring of see invisible
HPRegen 0.27/turn    (no ring)
MPRegen 0.18/turn

%: no passive effects
@: swift, very quick
A: no striking features
a: Renounce Religion


You were on level 5 of the Dungeon.
You worshipped Vehumet.
Vehumet was most pleased with you.
You visited 2 branches of the dungeon, and saw 6 of its levels.

You collected 313 gold pieces.

Inventory:

Hand Weapons
 l - a +0 dagger
 n - a +2 morningstar of draining
 u - a +0 dagger of speed (weapon)
Armour
 a - a +0 robe (worn)
 f - a +0 cloak (worn)
Jewellery
 s - a ring of see invisible (left hand)
Wands
 v - a wand of acid (9)
 x - a wand of flame (22)
Scrolls
 c - a scroll of vulnerability {unknown}
 d - 2 scrolls of fog {unknown}
 e - a scroll of noise {unknown}
 g - 6 scrolls of identify {unknown}
 h - 2 scrolls of teleportation {unknown}
 p - 2 scrolls of immolation
 q - 3 scrolls of enchant armour {unknown}
 r - a scroll of amnesia {unknown}
 t - a scroll of poison {unknown}
 y - a scroll of enchant weapon {unknown}
 z - a scroll of acquirement {unknown}
Potions
 b - a potion of magic
 i - 3 potions of mutation {unknown}
 j - a potion of haste {unknown}
 k - a potion of might {unknown}
 m - a potion of attraction {unknown}
 o - 2 potions of curing {unknown}
 w - a potion of lignification {unknown}


   Skills:
 + Level 0.7 Fighting
 + Level 0.1 Short Blades
 + Level 1.1 Maces & Flails
 + Level 3.8 Dodging
 + Level 3.5 Stealth
 * Level 8.6 Spellcasting
 + Level 4.2 Conjurations
 + Level 0.4 Transmutations
 + Level 1.2 Fire Magic
 + Level 4.8 Air Magic
 + Level 2.3 Poison Magic


You had 10 spell levels left.
You knew the following spells:

 Your Spells              Type           Power      Damage    Failure   Level
a - Shock                 Conj/Air       100%       1d9       1%          1
b - Magic Dart            Conj           100%       1d8       1%          1
c - Poisonous Vapours     Pois/Air       52%        N/A       1%          2
d - Foxfire               Conj/Fire      88%        2x1d8     1%          1
e - Swiftness             Air            31%        N/A       2%          3
f - Ignite Poison         Fire/Tmut/Pois 15%        N/A       3%          3
g - Hailstorm             Conj/Ice       19%        3d6       2%          3

Your spell library contained the following spells:

 Spells                   Type           Power      Damage    Failure   Level
 Static Discharge         Conj/Air       60%        3-6/arc   1%          2
 Mephitic Cloud           Conj/Pois/Air  27%        N/A       1%          3
 Airstrike                Air            15%        2d(3-19)  2%          4
 Wereblood                Tmut           11%        N/A       9%          2
 Sublimation of Blood     Necr           9%         N/A       10%         2
 Freezing Cloud           Conj/Ice/Air   11%        6-21      13%         5
 Call Canine Familiar     Summ           9%         N/A       21%         3
 Ozocubu's Armour         Ice            9%         N/A       21%         3
 Sigil of Binding         Hex            9%         N/A       21%         3
 Dimensional Bullseye     Hex/Tloc       4%         N/A       54%         4
 Leda's Liquefaction      Hex/Erth       4%         N/A       54%         4
 Metabolic Englaciation   Hex/Ice        4%         N/A       88%         5
 Simulacrum               Ice/Necr       4%         N/A       100%        6
 Summon Hydra             Summ           4%         N/A       100%        7


Dungeon Overview and Level Annotations

Branches:
Dungeon (5/15)             Temple (1/1) D:4

Altars:
Cheibriados
Dithmenos
Gozag
Kikubaaqudgha
Makhleb
Nemelex Xobeh
Okawaru
Qazlal
Ru
Sif Muna
Uskayaw
Vehumet
Wu Jian
Xom
Yredelemnul
Zin
The Shining One

Shops:
D:2 *

Annotations:
D:5 Fodor's ghost, amateur MiFi


Message History

Aiming: Poisonous Vapours (safe; 1% risk of failure)
Press: ? - help, Q - select action, (/) - cycle Dir - move target, f - unseen horror
Aim: an unseen horror (slightly transparent) Poisonous vapours surround the unseen horror!
The unseen horror is poisoned.
The unseen horror closely misses you. Fodor's ghost hits you!
Aiming: Poisonous Vapours (safe; 1% risk of failure)
Press: ? - help, Q - select action, (/) - cycle Dir - move target, f/p - unseen horror
Aim: an unseen horror (lightly wounded, slightly transparent, very poisoned) Poisonous vapours surround the unseen horror!
The unseen horror looks as sick as possible!
The unseen horror hits you. Fodor's ghost closely misses you.
Casting: Ignite Poison (dangerous; 4% risk of failure)
Press: ? - help, Q - select action, (/) - cycle Dir - look around, f - activate You ignite the poison in your surroundings!
The unseen horror seems to burn from within!!!
You kill the unseen horror!
Vehumet accepts your kill. Fodor's ghost hits you.
Your Spellcasting skill increases to level 8!
Your Poison Magic skill increases to level 2!
You have reached level 8!
You feel clever.
You are too injured to fight recklessly!
Casting: Foxfire (safe; 1% risk of failure)
Press: ? - help, Q - select action, (/) - cycle Dir - look around, f - activate You conjure some foxfire!
Fodor's ghost hits you!
Casting: Foxfire (safe; 1% risk of failure)
Press: ? - help, Q - select action, (/) - cycle Dir - look around, f - activate You conjure some foxfire!
The foxfire hits Fodor's ghost but does no damage.
The foxfire hits Fodor's ghost.
Fodor's ghost is lightly damaged.
Fodor's ghost barely misses you.
Casting: Foxfire (safe; 1% risk of failure)
Press: ? - help, Q - select action, (/) - cycle Dir - look around, f - activate You conjure some foxfire!
Fodor's ghost hits you!
You die...

#.#.###.#.########..###.###.#####
#.##.##..## #.......# #...#.# #
........## #<#####.# #.#.#.## #
..####.## #.#####.# #......# #
#.# ### #.#...#.# ###.#..#### #.#
#.#=?$#.# #.#...... #.#
#.#...#.#####.#...### #.#
###.##W##...........# # ..#
#...§v@v.......<....# # ###
#....vv§.....#..#...###
######......................
#..........##..#.##.##...###
#.######...##..#.##.##...# #.#
#.......#.##.##...#
####.###########.##.##..>...#
#................##.####....###
#.##.##########'########......#


You could see Fodor's ghost (ally target).

Vanquished Creatures
  An unseen horror (D:5)
  Sigmund (D:2)
  2 ogres (D:5)
  A phantom (D:5)
  2 scorpions
  A hound (D:5)
  A jelly (D:5)
  Jessica (D:2)
  An orc wizard (D:5)
  Natasha (thrice) (D:2)
  5 adders
  3 worms
  2 dart slugs
  5 orcs
  7 ball pythons
  5 endoplasms
  4 giant cockroaches
  12 goblins
  6 hobgoblins
  7 jackals
  9 kobolds
  3 quokkas
  9 bats
  2 frilled lizards
  6 rats
99 creatures vanquished.

Vanquished Creatures (others)
  58 foxfires
58 creatures vanquished.

Grand Total: 157 creatures vanquished

Notes
Turn   | Place    | Note
-------+----------+-------------------------------------------
     0 | D:1      | wildpjah the Deep Elf Air Elementalist began the quest for
                  | the Orb.
     0 | D:1      | Reached XP level 1. HP: 10/10 MP: 6/6
    48 | D:1      | Found a faded altar of an unknown god.
    91 | D:1      | Prayed at the altar of an unknown god.
    91 | D:1      | Became a worshipper of Vehumet
    91 | D:1      | Reached * piety under Vehumet
    91 | D:1      | Offered knowledge of Magic Dart by Vehumet.
    94 | D:1      | Learned a level 1 spell: Magic Dart
   537 | D:1      | Reached XP level 2. HP: 15/15 MP: 6/8
   713 | D:1      | Learned a level 2 spell: Poisonous Vapours
  1527 | D:2      | Reached XP level 3. HP: 16/19 MP: 7/9
  1623 | D:2      | Noticed Natasha
  1639 | D:2      | Killed Natasha
  1641 | D:2      | Noticed Natasha
  1643 | D:2      | Reached XP level 4. HP: 5/24 MP: 6/11
  1647 | D:2      | Killed Natasha
  1648 | D:2      | Reached skill level 4 in Spellcasting
  1720 | D:2      | Reached ** piety under Vehumet
  1744 | D:2      | Noticed Natasha
  1750 | D:2      | Killed Natasha
  1750 | D:2      | Offered knowledge of Foxfire by Vehumet.
  1753 | D:2      | Learned a level 1 spell: Foxfire
  1810 | D:2      | Noticed Jessica
  1819 | D:2      | Killed Jessica
  1820 | D:2      | Reached XP level 5. HP: 16/28 MP: 4/13
  1963 | D:2      | Found Kiecru's General Store.
  1964 | D:2      | Noticed Sigmund
  1975 | D:2      | Killed Sigmund
  1976 | D:2      | Reached skill level 1 in Maces & Flails
  1976 | D:2      | Reached skill level 5 in Spellcasting
  1976 | D:2      | Reached skill level 1 in Poison Magic
  1976 | D:2      | Reached XP level 6. HP: 16/33 MP: 1/15
  2658 | D:3      | Found a sacrificial altar of Ru.
  3101 | D:4      | Found a staircase to the Ecumenical Temple.
  3114 | Temple   | Entered the Ecumenical Temple
  3119 | D:4      | Offered knowledge of Ignite Poison by Vehumet.
  3124 | D:4      | Learned a level 3 spell: Swiftness
  3923 | D:5      | Entered Level 5 of the Dungeon
  3930 | D:5      | Reached skill level 6 in Spellcasting
  3930 | D:5      | Reached XP level 7. HP: 28/37 MP: 13/18
  3985 | D:5      | Reached *** piety under Vehumet
  4010 | D:5      | Learned a level 3 spell: Ignite Poison
  4095 | D:5      | Found a runed translucent door.
  4096 | D:5      | Noticed an unseen horror
  4097 | D:5      | Noticed Fodor's ghost (amateur MiFi)
  4366 | D:5      | Reached skill level 7 in Spellcasting
  4494 | D:5      | Reached skill level 1 in Fire Magic
  4803 | D:5      | Offered knowledge of Hailstorm by Vehumet.
  4808 | D:5      | Learned a level 3 spell: Hailstorm
  5017 | D:5      | Killed an unseen horror
  5018 | D:5      | Reached skill level 8 in Spellcasting
  5018 | D:5      | Reached XP level 8. HP: 20/42 MP: 10/22
  5020 | D:5      | Slain by Fodor's ghost

Illustrated notes

Levels and vault maps discovered:
D:1:      lightli_arrival_maybe_door_vault, layout_basic,
          shapermc_ecumenical_altar_petra
D:2:      minmay_general_purpose_star, layout_rooms, serial_shops,
          nicolae_shop_tiny_statue_garden, bh_walls_and_bars, uniq_jessica,
          uniq_sigmund, uniq_natasha
D:3:      layout_loops_ring, old_standard_altar
D:4:      layout_rooms, minmay_temple_entry_statues_pillars
D:5:      layout_loops_ring, ebering_ghost_inner_flame, nicolae_zen_rock_garden,
          roderic_batcave
Temple:   nicolae_temple_superstar

Skill      XL: |  1  2  3  4  5  6  7 |
---------------+----------------------+-----
Stealth        | 3 |  3.5
Conjurations   | 2 3 4 |  4.2
Dodging        | 3 |  3.8
Spellcasting   | 4 5 6 8 |  8.6
Maces & Flails | 1 |  1.1
Poison Magic   | 1 2 |  2.3
Air Magic      | 4 |  4.8
Fire Magic     | 1 |  1.2
Fighting       | |  0.7
Short Blades   | |  0.1
Transmutations | |  0.4

Action                     |  1- 3 |  4- 6 |  7- 9 || total
---------------------------+-------+-------+-------++-------
  Melee: Dagger            |    30 |       |     1 ||    31
         Morningstar       |    11 |     2 |       ||    13
         Unarmed           |     1 |       |       ||     1
   Cast: Magic Dart        |    57 |       |     2 ||    59
         Shock             |    11 |    80 |    28 ||   119
         Poisonous Vapours |     3 |     9 |    11 ||    23
         Foxfire           |       |    29 |     5 ||    34
         Ignite Poison     |       |       |     4 ||     4
         Swiftness         |       |       |     1 ||     1
         Hailstorm         |       |       |     1 ||     1
 Armour: Robe              |    37 |    15 |    11 ||    63
  Dodge: Dodged            |    43 |     6 |    14 ||    63

Table legend: (Time is in decaauts)
 A = Elapsed time spent in this place.
 B = Non-inter-level travel time spent in this place.
 C = Inter-level travel time spent in this place.
 D = Time resting spent in this place.
 E = Time spent auto-exploring this place.
 F = Levels seen in this place.
 G = Mean time per level.
                   A        B        C        D        E       F      G
               +--------+--------+--------+--------+--------+-----+--------+
         Total |   5053 |   4900 |    153 |      0 |   4330 |   6 |  842.2 |
       Dungeon |   5048 |   4895 |    153 |      0 |   4330 |   5 | 1009.6 |
        Temple |      4 |      4 |      0 |      0 |      0 |   1 |    4.0 |
               +--------+--------+--------+--------+--------+-----+--------+

Top non-repeatable levels by time:
     D:1: 1330 daAuts
     D:2: 1195 daAuts
     D:5: 1096 daAuts
     D:4: 831 daAuts
     D:3: 595 daAuts
  Temple: 4 daAuts
